 Dungeon Crawl Stone Soup version 0.30-a0-174-gbc10bd73c2 (webtiles) character file.

Game seed: 11546346616364869814

73628 qw the Severer (level 15, -18/96 HPs)
             Began as a Gargoyle Fighter on Oct 1, 2022.
             Was a High Priest of Okawaru.
             Demolished by a white ugly thing (21 damage)
             ... on level 15 of the Dungeon.
             The game lasted 00:09:07 (21867 turns).

qw the Severer (Gargoyle Fighter)                  Turns: 21867, Time: 00:09:08

Health: -18/96     AC: 31    Str: 28    XL:     15   Next: 44%
Magic:  22/22      EV: 11    Int:  8    God:    Okawaru [*****.]
Gold:   1754       SH: 18    Dex:  9    Spells: 14/14 levels left

rFire   . . .      SeeInvis +    z - +6 broad axe (elec)
rCold   . . .      Faith    .    o - +2 kite shield
rNeg    + . .      Spirit   .    r - +0 plate armour
rPois   inf        Reflect  +    m - +0 helmet
rElec   +          Harm     .    s - +0 cloak
rCorr   .          Rampage  .    (no gloves)
Will    +....                    v - +1 pair of boots
Stlth   ..........               f - amulet of reflection
HPRegen 0.36/turn                p - +4 ring of evasion
MPRegen 0.18/turn                A - ring of see invisible

@: about to teleport, flying
A: sickness immunity, AC +11, big wings, negative energy resistance 1,
electricity resistance, torment resistance 1, petrification resistance
a: Renounce Religion, Heroism, Finesse, Duel


You were on level 15 of the Dungeon.
You worshipped Okawaru.
Okawaru was extremely pleased with you.
You visited 3 branches of the dungeon, and saw 21 of its levels.

You collected 1754 gold pieces.


Innate Abilities, Weirdness & Mutations

You are immune to sickness and miasma.
Your stone body is resilient. (AC +11)
You are immune to poison.
Your large and strong wings let you fly.
You resist negative energy. (rN+)
You are resistant to electric shocks. (rElec)
You are resistant to unholy torment.
You are immune to petrification.


   Skills:
 - Level 12.0 Fighting
 - Level 16.0 Axes
 - Level 6.0 Throwing
 - Level 11.0 Armour
 - Level 2.0 Dodging
 + Level 12.0 Shields
 - Level 10.0 Invocations


You had 14 spell levels left.
You didn't know any spells.
Your spell library was empty.

Inventory:

Hand Weapons
 a - a -2 demon whip of venom
 z - a +6 broad axe of electrocution (weapon)
Missiles
 w - 2 silver javelins (quivered)
 y - 9 boomerangs
 B - a boomerang of dispersal
Armour
 m - a +0 helmet (worn)
 o - a +2 kite shield (worn)
 r - a +0 plate armour (worn)
 s - a +0 cloak (worn)
 v - a +1 pair of boots (worn)
Jewellery
 b - a ring of protection from fire
 e - a ring of protection from cold
 f - an amulet of reflection (around neck)
 p - a +4 ring of evasion (left hand)
 t - a +6 ring of dexterity
 x - a ring of fire
 A - a ring of see invisible (right hand)
 Y - a ring of protection from cold
Scrolls
 g - 16 scrolls of identify
 k - 6 scrolls of teleportation
Potions
 c - 3 potions of lignification
 d - 3 potions of might
 h - 6 potions of mutation
 i - 3 potions of cancellation
 j - 4 potions of haste
 l - 9 potions of attraction
 n - 2 potions of magic
 q - 10 potions of curing
 u - 4 potions of heal wounds

Dungeon Overview and Level Annotations

Branches:
Dungeon (15/15)            Temple (1/1) D:4            Lair (5/5) D:8
  Swamp (0/4) Lair:2       Spider (0/4) Lair:3        Slime (0/5) Lair:4
    Orc (0/2) D:9          Vaults (0/5) D:14         Depths (0/4) D:15

Altars:
Ashenzari
Cheibriados
Dithmenos
Elyvilon
Fedhas
Gozag
Hepliaklqana
Kikubaaqudgha
Makhleb
Nemelex Xobeh
Okawaru
Qazlal
Ru
Sif Muna
Trog
Uskayaw
Vehumet
Wu Jian
Xom
Yredelemnul
Zin
The Shining One
Jiyva

Shops:
D:4 =

Annotations:
D:2 1 runed translucent door, Crazy Yiuf
D:5 3 runed translucent doors, qw's ghost, novice GrFi
D:13 2 transporters, qw's ghost, journeyman GrFi
Lair:1 3 runed translucent doors, qw's ghost, novice GrFi


Message History

You kill the green ugly thing!
Okawaru accepts your kill.
You hit the molten gargoyle but do no damage.
The molten gargoyle blasts magma at you!
The bolt of magma hits you.
Your base Axes skill increases to level 16!
You hit the molten gargoyle.
The molten gargoyle is severely damaged.
You slash the molten gargoyle!
The molten gargoyle is almost destroyed.
The molten gargoyle hits you but does no damage.
You completely miss the molten gargoyle.
The molten gargoyle is almost destroyed.
You slice the white ugly thing!! You block the molten gargoyle's attack.
The white ugly thing kicks you but does no damage.
You barely miss the molten gargoyle.
The molten gargoyle is almost destroyed.
You slash the white ugly thing!
The molten gargoyle hits you but does no damage.
The white ugly thing kicks you but does no damage.
You hit the molten gargoyle but do no damage.
The molten gargoyle is almost destroyed.
You slash the white ugly thing! You block the molten gargoyle's attack.
You hit the molten gargoyle.
You destroy the molten gargoyle!
Okawaru accepts your kill.
You hear a sizzling splash.
You slash the white ugly thing!
You block the white ugly thing's attack.
You barely miss the white ugly thing.
The white ugly thing is severely wounded.
You feel like a meek peon again. The white ugly thing kicks you!
The white ugly thing freezes you!!
21867 ||| READING 7 scrolls of teleportation.
As you read the scroll of teleportation, it crumbles to dust.
You feel strangely unstable. The white ugly thing kicks you.
The white ugly thing freezes you!!
You die...

##########~.¤~~~ ##
#.......##~.~¤~ ######.
#.#####.##~(~~# ~ #...... #.#
#.##~.¤¤##~~ ######. #.#
#..#~.~~~~¤¤ #.
#.########~.~~¤~¤¤ #.
#####........#~u....¤¤ ###.
#......####.##@~~~~~~¤ #...
#.###.## #..'########### #[#.
###.###.# ##### #..##.# #.#.
........# #..##.# #.#. ###..####
#..##.####.#. #..#
#########..##........ ##..#
##...........#####.###
##...#######...######...#####(###
#................................


You could see a white ugly thing.

Vanquished Creatures
  Gastronok (D:8)
  An ettin (D:15)
  Harold (D:9)
  8 hydras
  4 vault guards (D:14)
  2 catoblepae (D:12)
  2 two-headed ogres
  2 boulder beetles
  10 centaur warriors
  2 tengu warriors
  A two-headed ogre (shapeshifter) (D:14)
  4 death yaks (Lair:5)
  Urug (D:11)
  Amaemon (D:8)
  A wizard (D:15)
  2 deep trolls (D:15)
  Pikel (D:7)
  An oklob plant (Lair:4)
  12 ugly things
  An orc sorcerer (D:15)
  2 cyclopes
  3 manticores
  9 elephants
  An orange demon (D:8)
  4 black mambas
  18 cane toads
  A molten gargoyle (D:15)
  2 gargoyles
  Maggie (D:7)
  2 kobold demonologists (D:14)
  5 komodo dragons
  Psyche (D:9)
  2 rime drakes
  2 ice devils (D:13)
  2 tengu conjurers
  A queen bee (shapeshifter) (D:14)
  2 tyrant leeches (Lair:2)
  2 slime creatures (Lair:4)
  A hornet (Lair:1)
  14 polar bears
  3 raiju (Lair:5)
  A snapping turtle (shapeshifter) (D:14)
  5 blink frogs (Lair:3)
  A dream sheep (Lair:5)
  A jumping spider (shapeshifter) (D:13)
  Sigmund (D:2)
  2 shadows (D:9)
  5 wyverns
  3 vampires
  28 yaks
  Grum (D:9)
  Eustachio (D:6)
  7 basilisks
  5 vampire mosquitoes
  4 wargs (Lair:5)
  Edmund (D:4)
  2 acid dragons (D:11)
  14 hell hounds (Lair:5)
  3 swamp worms (Lair:2)
  9 water moccasins
  12 black bears
  6 orc warriors
  3 ice beasts
  A sky beast (D:8)
  An ogre (D:4)
  19 wolves
  12 centaurs
  2 lemures (D:7)
  3 phantoms
  A gnoll sergeant (D:8)
  3 kobold brigands
  15 bullfrogs
  2 scorpions (D:6)
  2 necrophages
  A troll zombie (D:9)
  10 wights
  14 killer bees (D:9)
  3 howler monkeys (D:14)
  3 jellies
  A hound (D:6)
  7 orc priests
  A gnoll bouda (D:9)
  3 iguanas
  Ijyb (D:4)
  Natasha (thrice) (D:3)
  7 orc wizards
  7 ogre zombies (D:9)
  A boggart simulacrum (D:15)
  Robin (D:4)
  7 adders
  12 gnolls
  2 white imps
  3 worms
  A dart slug (D:4)
  36 orcs
  2 ball pythons
  11 bats
  8 endoplasms
  A giant cockroach (D:1)
  11 hobgoblins
  4 jackals (D:2)
  4 quokkas
  4 frilled lizards
  14 goblins
  3 goblin skeletons (D:9)
  3 goblin zombies (D:9)
  3 hobgoblin zombies (D:9)
  20 kobolds
  2 orc skeletons (D:9)
  14 orc zombies (D:9)
  7 rats
547 creatures vanquished.

Vanquished Creatures (others)
  A kobold brigand (D:14)
  A kobold (D:9)
  15 fungi
  39 plants
56 creatures vanquished.

Grand Total: 603 creatures vanquished

Notes
Turn   | Place    | Note
-------+----------+-------------------------------------------
     0 | D:1      | qw the Gargoyle Fighter began the quest for the Orb.
     0 | D:1      | Reached XP level 1. HP: 14/14 MP: 1/1
     0 | D:1      | 0 ||| qw: Version: 0.2-a-13-gfc7b4b4
     0 | D:1      | 0 ||| qw: Game counter: 1924
     0 | D:1      | 0 ||| qw: Always use a shield: true
     0 | D:1      | 0 ||| qw: God list: Okawaru
     0 | D:1      | 0 ||| qw: Allow faded altars: false
     0 | D:1      | 0 ||| qw: Do Orc after D:15 true
     0 | D:1      | 0 ||| qw: Do second Lair branch before Depths: true
     0 | D:1      | 0 ||| qw: Lair rune preference: random
     0 | D:1      | 0 ||| qw: Plans: Normal, Zot:1-4, God:TSO, Crypt, Tomb,
                  | Pan, Slime:5, Hells, Abyss, Orb
     0 | D:1      | 0 ||| PLANNING D:1-11
    38 | D:1      | Reached skill level 2 in Axes
   264 | D:1      | Reached XP level 2. HP: 19/19 MP: 2/2
   682 | D:1      | 682 ||| READING 2 scrolls labelled AGUJOV WUNOMYO.
   683 | D:1      | 683 ||| READING scroll labelled ENWICVE VUNLOE.
   688 | D:1      | 688 ||| READING scroll labelled LUTZENYLIM.
   689 | D:1      | 689 ||| READING scroll labelled KIAJ DETOTU.
   690 | D:1      | 690 ||| DROPPING scroll of poison.
   723 | D:2      | 723 ||| DROPPING +0 whip.
   755 | D:2      | 755 ||| Stepping ~*~*~tactically~*~*~ (stealth).
   758 | D:2      | 758 ||| Stepping ~*~*~tactically~*~*~ (stealth).
   764 | D:2      | Reached skill level 3 in Axes
   764 | D:2      | Reached XP level 3. HP: 23/23 MP: 3/3
   773 | D:2      | 773 ||| Stepping ~*~*~tactically~*~*~ (stealth).
   781 | D:2      | 781 ||| Stepping ~*~*~tactically~*~*~ (stealth).
   782 | D:2      | 782 ||| Stepping ~*~*~tactically~*~*~ (stealth).
   786 | D:2      | 786 ||| Stepping ~*~*~tactically~*~*~ (stealth).
   842 | D:2      | 842 ||| Stepping ~*~*~tactically~*~*~ (stealth).
   843 | D:2      | 843 ||| Stepping ~*~*~tactically~*~*~ (stealth).
   879 | D:2      | 879 ||| Stepping ~*~*~tactically~*~*~ (stealth).
   958 | D:2      | 958 ||| Stepping ~*~*~tactically~*~*~ (stealth).
  1214 | D:2      | 1214 ||| Stepping ~*~*~tactically~*~*~ (hiding).
  1226 | D:2      | Reached XP level 4. HP: 15/28 MP: 4/4
  1227 | D:2      | 1227 ||| FLEEEEING.
  1228 | D:2      | 1228 ||| FLEEEEING.
  1288 | D:2      | Reached skill level 4 in Axes
  1298 | D:2      | 1298 ||| DROPPING +0 flail.
  1331 | D:2      | 1331 ||| Stepping ~*~*~tactically~*~*~ (stealth).
  1383 | D:2      | 1383 ||| Stepping ~*~*~tactically~*~*~ (stealth).
  1384 | D:2      | 1384 ||| Stepping ~*~*~tactically~*~*~ (stealth).
  1397 | D:2      | 1397 ||| Stepping ~*~*~tactically~*~*~ (stealth).
  1398 | D:2      | 1398 ||| Stepping ~*~*~tactically~*~*~ (stealth).
  1574 | D:2      | Found a runed translucent door.
  1575 | D:2      | Noticed Crazy Yiuf
  1752 | D:2      | 1752 ||| UPGRADING to ring of protection from fire.
  1753 | D:2      | 1753 ||| READING scroll labelled GEUNYEPTAS.
  1754 | D:2      | 1754 ||| READING scroll labelled TAM ED WOSHRU.
  1755 | D:2      | 1755 ||| DRINKING 2 bubbling clear potions.
  1756 | D:2      | 1756 ||| READING 2 scrolls of identify.
  1756 | D:2      | 1756 ||| IDENTIFYING metallic golden potion
  1780 | D:3      | 1780 ||| STAIRDANCE
  1836 | D:3      | Identified the +2 spear "Cyssesm" {vorpal, rElec rC+ rN++
                  | Dex+4}
  1836 | D:3      | Noticed Natasha
  1837 | D:3      | 1837 ||| FLEEEEING.
  1838 | D:3      | 1838 ||| FLEEEEING.
  1839 | D:3      | 1839 ||| FLEEEEING.
  1840 | D:3      | 1840 ||| FLEEEEING.
  1841 | D:3      | 1841 ||| FLEEEEING.
  1842 | D:3      | 1842 ||| FLEEEEING.
  1843 | D:3      | 1843 ||| FLEEEEING.
  1844 | D:3      | 1844 ||| FLEEEEING.
  1845 | D:3      | 1845 ||| FLEEEEING.
  1846 | D:3      | 1846 ||| FLEEEEING.
  1847 | D:3      | 1847 ||| FLEEEEING.
  1848 | D:3      | 1848 ||| FLEEEEING.
  1849 | D:3      | 1849 ||| STAIRDANCE
  1904 | D:2      | 1904 ||| READING 2 scrolls of identify.
  1904 | D:2      | 1904 ||| IDENTIFYING fuming inky potion
  1923 | D:3      | Killed Natasha
  1924 | D:3      | Reached XP level 5. HP: 32/32 MP: 5/5
  2042 | D:3      | Noticed Sigmund
  2047 | D:3      | 2047 ||| STAIRDANCE
  2054 | D:2      | Killed Sigmund
  2055 | D:2      | Reached skill level 5 in Axes
  2055 | D:2      | Reached XP level 6. HP: 35/37 MP: 6/6
  2157 | D:3      | Noticed Natasha
  2161 | D:3      | Killed Natasha
  2221 | D:3      | Noticed Natasha
  2227 | D:3      | Killed Natasha
  2277 | D:3      | Found a bloodstained altar of Trog.
  2380 | D:3      | Found a white marble altar of Elyvilon.
  2488 | D:3      | 2488 ||| UPGRADING to ring of protection from cold.
  2522 | D:4      | Noticed Robin
  2523 | D:4      | 2523 ||| PLANNING SEWER
  2542 | D:4      | Killed Robin
  2543 | D:4      | Reached skill level 1 in Dodging
  2642 | D:4      | HP: 5/38 [ogre/+0 giant spiked club (33)]
  2643 | D:4      | 2643 ||| READING 2 scrolls of teleportation.
  2644 | D:4      | 2644 ||| DRINKING potion of heal wounds.
  2666 | D:4      | Reached skill level 6 in Axes
  2666 | D:4      | Reached XP level 7. HP: 42/43 MP: 7/7
  2693 | D:4      | Found a staircase to the Ecumenical Temple.
  2741 | D:4      | 2741 ||| Stepping ~*~*~tactically~*~*~ (hiding).
  2865 | D:4      | Noticed Ijyb
  2866 | D:4      | 2866 ||| Stepping ~*~*~tactically~*~*~ (hiding).
  2876 | D:4      | Killed Ijyb
  2965 | D:4      | Found a stormy altar of Qazlal.
  3006 | D:4      | Found a shimmering blue altar of Sif Muna.
  3148 | D:4      | Found Lys Xen's Jewellery Shoppe.
  3151 | D:4      | 3151 ||| SHOPLISTING amulet of reflection (300 gold, have
                  | 279).
  3151 | D:4      | 3151 ||| SHOPLISTING amulet of regeneration (300 gold, have
                  | 279).
  3151 | D:4      | 3151 ||| SHOPLISTING ring "Noukiceps" {Fire rCorr Dex+3}
                  | (439 gold, have 279).
  3171 | D:4      | Noticed Edmund
  3190 | D:4      | Killed Edmund
  3191 | D:4      | Reached skill level 7 in Axes
  3294 | D:4      | Found a glowing drain.
  3295 | D:4      | 3295 ||| UPGRADING to +0 helmet.
  3300 | D:4      | 3300 ||| READING scroll labelled CAC MAYGHO.
  3301 | D:4      | 3301 ||| READING 2 scrolls of identify.
  3301 | D:4      | 3301 ||| IDENTIFYING sapphire potion
  3302 | D:4      | 3302 ||| DROPPING potion of brilliance.
  3307 | D:4      | 3307 ||| READING 4 scrolls of teleportation.
  3430 | D:4      | Identified the +0 mace of the Seeker {spect, Fly Int+4
                  | Dex+3}
  3603 | D:4      | 3603 ||| RIP SEWER
  3603 | D:4      | 3603 ||| PLANNING TEMPLE
  3603 | D:4      | 3603 ||| READING scroll labelled ZOGOUM VOWO.
  3653 | Temple   | Entered the Ecumenical Temple
  3679 | Temple   | 3679 ||| PLANNING D:1-11
  3711 | D:5      | Entered Level 5 of the Dungeon
  3861 | D:5      | Reached XP level 8. HP: 50/50 MP: 8/8
  3917 | D:5      | Found a hide-covered altar of Uskayaw.
  3988 | D:5      | Found a broken altar of Ashenzari.
  4063 | D:5      | Reached skill level 8 in Axes
  4203 | D:5      | Found a runed translucent gate.
  4203 | D:5      | Found a runed translucent gate.
  4203 | D:5      | Found a runed translucent gate.
  4205 | D:5      | Found an opulent altar of Gozag.
  4210 | D:5      | Noticed a yak
  4210 | D:5      | Noticed qw's ghost (novice GrFi)
  4266 | D:5      | Found a glowing silver altar of Zin.
  4753 | D:5      | 4753 ||| UPGRADING to amulet of reflection.
  4758 | D:5      | 4758 ||| READING scroll labelled TICEWI LUGROUGH.
  4759 | D:5      | 4759 ||| DRINKING 2 murky red potions.
  4760 | D:5      | 4760 ||| READING 2 scrolls of identify.
  4760 | D:5      | 4760 ||| IDENTIFYING emerald potion
  4916 | D:6      | Found a blossoming altar of Fedhas.
  4927 | D:6      | Reached skill level 6 in Fighting
  5072 | D:6      | Found a shimmering altar of Xom.
  5073 | D:6      | Found an ancient bone altar of Kikubaaqudgha.
  5330 | D:6      | Reached skill level 9 in Axes
  5440 | D:6      | Noticed Eustachio
  5462 | D:6      | Killed Eustachio
  5463 | D:6      | Reached XP level 9. HP: 29/55 MP: 9/9
  5715 | D:6      | 5715 ||| UPGRADING to +0 plate armour.
  5725 | D:6      | 5725 ||| DROPPING +0 scale mail.
  5726 | D:6      | 5726 ||| UPGRADING to +4 ring of evasion.
  5728 | D:6      | 5728 ||| READING 2 scrolls of identify.
  5728 | D:6      | 5728 ||| IDENTIFYING orange potion
  5729 | D:6      | 5729 ||| DROPPING potion of berserk rage.
  5782 | D:7      | Noticed Maggie
  5798 | D:7      | Killed Maggie
  5924 | D:7      | 5924 ||| DROPPING +2 flail of protection.
  6048 | D:7      | Found a sparkling altar of Nemelex Xobeh.
  6048 | D:7      | Found an opulent altar of Gozag.
  6157 | D:7      | 6157 ||| FLEEEEING.
  6169 | D:7      | 6169 ||| FLEEEEING.
  6173 | D:7      | Reached skill level 6 in Armour
  6253 | D:7      | Found a hazy altar of Hepliaklqana.
  6563 | D:7      | 6563 ||| FLEEEEING.
  6732 | D:7      | Noticed Pikel
  6734 | D:7      | 6734 ||| Stepping ~*~*~tactically~*~*~ (stealth).
  6738 | D:7      | 6738 ||| Stepping ~*~*~tactically~*~*~ (stealth).
  6742 | D:7      | 6742 ||| Stepping ~*~*~tactically~*~*~ (stealth).
  6750 | D:7      | Killed Pikel
  6751 | D:7      | Reached skill level 10 in Axes
  7116 | D:7      | 7116 ||| READING scroll labelled VAW KEIMARIA.
  7224 | D:8      | Noticed Amaemon
  7225 | D:8      | 7225 ||| Stepping ~*~*~tactically~*~*~ (hiding).
  7226 | D:8      | 7226 ||| Stepping ~*~*~tactically~*~*~ (hiding).
  7228 | D:8      | 7228 ||| Stepping ~*~*~tactically~*~*~ (hiding).
  7230 | D:8      | 7230 ||| Stepping ~*~*~tactically~*~*~ (hiding).
  7236 | D:8      | Noticed an orange demon
  7242 | D:8      | Killed Amaemon
  7243 | D:8      | Reached XP level 10. HP: 48/65 MP: 10/10
  7250 | D:8      | Killed an orange demon
  7312 | D:8      | 7312 ||| DROPPING +2 morningstar of flaming.
  7350 | D:8      | 7350 ||| Stepping ~*~*~tactically~*~*~ (hiding).
  7351 | D:8      | 7351 ||| Stepping ~*~*~tactically~*~*~ (hiding).
  7354 | D:8      | 7354 ||| Stepping ~*~*~tactically~*~*~ (hiding).
  7360 | D:8      | 7360 ||| Stepping ~*~*~tactically~*~*~ (stealth).
  7368 | D:8      | 7368 ||| Stepping ~*~*~tactically~*~*~ (stealth).
  7387 | D:8      | Found a staircase to the Lair.
  7647 | D:8      | Found an iron altar of Okawaru.
  7648 | D:8      | 7648 ||| PLANNING OKAWARU WORSHIP
  7648 | D:8      | 7648 ||| READING scroll labelled MEICWO KEXIAG.
  7649 | D:8      | 7649 ||| READING scroll labelled AXEYDU HEPNU.
  7672 | D:8      | 7672 ||| FLEEEEING.
  7677 | D:8      | 7677 ||| STAIRDANCE
  7691 | D:8      | 7691 ||| Stepping ~*~*~tactically~*~*~ (hiding).
  7696 | D:8      | 7696 ||| Stepping ~*~*~tactically~*~*~ (stealth).
  7697 | D:8      | 7697 ||| Stepping ~*~*~tactically~*~*~ (hiding).
  7722 | D:8      | Became a worshipper of Warmaster Okawaru
  7723 | D:8      | 7723 ||| PLANNING D:1-11
  7839 | D:8      | Reached skill level 11 in Axes
  7869 | D:8      | Noticed Gastronok
  7870 | D:8      | 7870 ||| Stepping ~*~*~tactically~*~*~ (hiding).
  7890 | D:8      | Killed Gastronok
  7890 | D:8      | Reached * piety under Okawaru
  8098 | D:8      | 8098 ||| PLANNING LAIR
  8098 | D:8      | 8098 ||| UPGRADING to +2 kite shield.
  8108 | D:8      | 8108 ||| DROPPING +0 buckler.
  8130 | Lair:1   | Entered Level 1 of the Lair of Beasts
  8207 | Lair:1   | 8207 ||| INVOKING Heroism.
  8213 | Lair:1   | Reached skill level 1 in Invocations
  8311 | Lair:1   | 8311 ||| INVOKING Heroism.
  8329 | Lair:1   | 8329 ||| INVOKING Heroism.
  8331 | Lair:1   | Reached skill level 6 in Shields
  8331 | Lair:1   | Reached XP level 11. HP: 47/69 MP: 9/12
  8422 | Lair:1   | 8422 ||| INVOKING Heroism.
  8428 | Lair:1   | Reached skill level 3 in Invocations
  8433 | Lair:1   | 8433 ||| Stepping ~*~*~tactically~*~*~ (stealth).
  8437 | Lair:1   | 8437 ||| Stepping ~*~*~tactically~*~*~ (stealth).
  8438 | Lair:1   | 8438 ||| Stepping ~*~*~tactically~*~*~ (stealth).
  8448 | Lair:1   | 8448 ||| INVOKING Heroism.
  8462 | Lair:1   | 8462 ||| INVOKING Heroism.
  8493 | Lair:1   | Noticed qw's ghost (novice GrFi)
  8495 | Lair:1   | 8495 ||| Stepping ~*~*~tactically~*~*~ (stealth).
  8499 | Lair:1   | 8499 ||| Stepping ~*~*~tactically~*~*~ (stealth).
  8501 | Lair:1   | 8501 ||| Stepping ~*~*~tactically~*~*~ (stealth).
  8504 | Lair:1   | Reached ** piety under Okawaru
  8523 | Lair:1   | 8523 ||| INVOKING Heroism.
  8624 | Lair:1   | Found a runed translucent gate.
  8625 | Lair:1   | 8625 ||| Stepping ~*~*~tactically~*~*~ (hiding).
  8660 | Lair:1   | Found a runed translucent gate.
  8683 | Lair:1   | Found a runed translucent gate.
  8718 | Lair:1   | 8718 ||| INVOKING Heroism.
  8763 | Lair:1   | 8763 ||| INVOKING Heroism.
  8985 | Lair:1   | 8985 ||| INVOKING Heroism.
  8995 | Lair:1   | Reached skill level 9 in Shields
  9005 | Lair:1   | 9005 ||| Stepping ~*~*~tactically~*~*~ (stealth).
  9007 | Lair:1   | 9007 ||| INVOKING Heroism.
  9193 | Lair:1   | 9193 ||| INVOKING Heroism.
  9228 | Lair:1   | Reached *** piety under Okawaru
  9348 | Lair:1   | 9348 ||| READING 3 scrolls of identify.
  9348 | Lair:1   | 9348 ||| IDENTIFYING murky orange potion
  9349 | Lair:1   | 9349 ||| READING 2 scrolls of identify.
  9349 | Lair:1   | 9349 ||| IDENTIFYING clear potion
  9419 | Lair:2   | Noticed a four-headed hydra
  9420 | Lair:2   | 9420 ||| Stepping ~*~*~tactically~*~*~ (stealth).
  9423 | Lair:2   | 9423 ||| INVOKING Heroism.
  9428 | Lair:2   | 9428 ||| SWAPPING to -2 demon whip of venom.
  9429 | Lair:2   | 9429 ||| Stepping ~*~*~tactically~*~*~ (outnumbered).
  9430 | Lair:2   | 9430 ||| STAIRDANCE
  9432 | Lair:1   | 9432 ||| SWAPPING to +0 vorpal war axe.
  9525 | Lair:2   | 9525 ||| INVOKING Heroism.
  9541 | Lair:2   | Reached skill level 9 in Fighting
  9623 | Lair:2   | 9623 ||| INVOKING Heroism.
  9697 | Lair:2   | 9697 ||| INVOKING Heroism.
  9719 | Lair:2   | 9719 ||| INVOKING Heroism.
  9731 | Lair:2   | Reached **** piety under Okawaru
  9739 | Lair:2   | Reached XP level 12. HP: 51/76 MP: 15/15
  9919 | Lair:2   | 9919 ||| INVOKING Heroism.
 10008 | Lair:2   | 10008 ||| INVOKING Heroism.
 10009 | Lair:2   | 10009 ||| Stepping ~*~*~tactically~*~*~ (hiding).
 10011 | Lair:2   | 10011 ||| Stepping ~*~*~tactically~*~*~ (hiding).
 10021 | Lair:2   | Reached skill level 12 in Axes
 10072 | Lair:2   | Found a staircase to the Swamp.
 10073 | Lair:2   | 10073 ||| Stepping ~*~*~tactically~*~*~ (hiding).
 10075 | Lair:2   | 10075 ||| INVOKING Heroism.
 10100 | Lair:2   | 10100 ||| INVOKING Heroism.
 10152 | Lair:2   | Identified the +2 robe of Nenwih {Int+3 Dex+2}
 10230 | Lair:2   | 10230 ||| INVOKING Heroism.
 10231 | Lair:2   | 10231 ||| Stepping ~*~*~tactically~*~*~ (stealth).
 10232 | Lair:2   | 10232 ||| Stepping ~*~*~tactically~*~*~ (stealth).
 10243 | Lair:2   | Reached skill level 6 in Invocations
 10349 | Lair:2   | 10349 ||| INVOKING Heroism.
 10353 | Lair:2   | 10353 ||| SWAPPING to -2 demon whip of venom.
 10360 | Lair:2   | Killed a four-headed hydra
 10361 | Lair:2   | Reached skill level 1 in Throwing
 10361 | Lair:2   | 10361 ||| SWAPPING to +0 vorpal war axe.
 10648 | Lair:2   | 10648 ||| DRINKING 2 lumpy yellow potions.
 10649 | Lair:2   | 10649 ||| READING 3 scrolls of identify.
 10649 | Lair:2   | 10649 ||| IDENTIFYING murky puce potion
 10650 | Lair:2   | 10650 ||| READING 2 scrolls of identify.
 10650 | Lair:2   | 10650 ||| IDENTIFYING ruby potion
 10651 | Lair:2   | 10651 ||| DROPPING potion of flight.
 10652 | Lair:2   | 10652 ||| DROPPING potion of degeneration.
 10653 | Lair:2   | 10653 ||| DROPPING potion of ambrosia.
 10704 | Lair:3   | 10704 ||| Stepping ~*~*~tactically~*~*~ (stealth).
 10706 | Lair:3   | 10706 ||| INVOKING Heroism.
 10708 | Lair:3   | 10708 ||| Stepping ~*~*~tactically~*~*~ (stealth).
 10735 | Lair:3   | 10735 ||| INVOKING Heroism.
 10820 | Lair:3   | Found a hole to the Spider Nest.
 10823 | Lair:3   | 10823 ||| READING 6 scrolls of teleportation.
 10824 | Lair:3   | 10824 ||| Stepping randomly (stuck).
 10825 | Lair:3   | 10825 ||| FLEEEEING.
 10826 | Lair:3   | 10826 ||| FLEEEEING.
 10827 | Lair:3   | 10827 ||| FLEEEEING.
 10965 | Lair:3   | 10965 ||| Stepping ~*~*~tactically~*~*~ (hiding).
 10966 | Lair:3   | 10966 ||| Stepping ~*~*~tactically~*~*~ (hiding).
 10967 | Lair:3   | 10967 ||| Stepping ~*~*~tactically~*~*~ (hiding).
 11160 | Lair:3   | 11160 ||| READING 5 scrolls of teleportation.
 11161 | Lair:3   | 11161 ||| FLEEEEING.
 11404 | Lair:3   | 11404 ||| READING 4 scrolls of teleportation.
 11405 | Lair:3   | 11405 ||| FLEEEEING.
 11406 | Lair:3   | 11406 ||| FLEEEEING.
 11626 | Lair:3   | 11626 ||| READING 3 scrolls of teleportation.
 11627 | Lair:3   | 11627 ||| FLEEEEING.
 11628 | Lair:3   | 11628 ||| FLEEEEING.
 11629 | Lair:3   | 11629 ||| FLEEEEING.
 11630 | Lair:3   | 11630 ||| FLEEEEING.
 11664 | Lair:3   | 11664 ||| UPGRADING to +0 cloak.
 11669 | Lair:3   | 11669 ||| FLEEEEING.
 11670 | Lair:3   | 11670 ||| FLEEEEING.
 11671 | Lair:3   | 11671 ||| FLEEEEING.
 11672 | Lair:3   | 11672 ||| FLEEEEING.
 11673 | Lair:3   | 11673 ||| FLEEEEING.
 11674 | Lair:3   | 11674 ||| FLEEEEING.
 11675 | Lair:3   | 11675 ||| FLEEEEING.
 11818 | Lair:3   | 11818 ||| READING 2 scrolls of teleportation.
 11819 | Lair:3   | 11819 ||| FLEEEEING.
 11898 | Lair:4   | 11898 ||| INVOKING Heroism.
 12050 | Lair:4   | Noticed an eight-headed hydra
 12051 | Lair:4   | 12051 ||| INVOKING Heroism.
 12056 | Lair:4   | 12056 ||| SWAPPING to -2 demon whip of venom.
 12061 | Lair:4   | 12061 ||| Stepping ~*~*~tactically~*~*~ (outnumbered).
 12062 | Lair:4   | 12062 ||| Stepping ~*~*~tactically~*~*~ (outnumbered).
 12063 | Lair:4   | 12063 ||| Stepping ~*~*~tactically~*~*~ (outnumbered).
 12066 | Lair:4   | 12066 ||| SWAPPING to +0 vorpal war axe.
 12069 | Lair:4   | 12069 ||| SWAPPING to -2 demon whip of venom.
 12071 | Lair:4   | 12071 ||| SWAPPING to +0 vorpal war axe.
 12073 | Lair:4   | 12073 ||| SWAPPING to -2 demon whip of venom.
 12085 | Lair:4   | Killed an eight-headed hydra
 12086 | Lair:4   | 12086 ||| SWAPPING to +0 vorpal war axe.
 12090 | Lair:4   | 12090 ||| INVOKING Heroism.
 12188 | Lair:4   | 12188 ||| Stepping ~*~*~tactically~*~*~ (hiding).
 12338 | Lair:4   | 12338 ||| Stepping ~*~*~tactically~*~*~ (stealth).
 12339 | Lair:4   | 12339 ||| Stepping ~*~*~tactically~*~*~ (stealth).
 12342 | Lair:4   | Noticed a six-headed hydra
 12343 | Lair:4   | 12343 ||| INVOKING Heroism.
 12345 | Lair:4   | 12345 ||| SWAPPING to -2 demon whip of venom.
 12362 | Lair:4   | Killed a six-headed hydra
 12363 | Lair:4   | 12363 ||| SWAPPING to +0 vorpal war axe.
 12433 | Lair:4   | 12433 ||| Stepping ~*~*~tactically~*~*~ (stealth).
 12506 | Lair:4   | 12506 ||| Stepping ~*~*~tactically~*~*~ (stealth).
 12509 | Lair:4   | Reached ***** piety under Okawaru
 12511 | Lair:4   | 12511 ||| INVOKING Heroism.
 12541 | Lair:4   | Reached skill level 9 in Invocations
 12544 | Lair:4   | 12544 ||| INVOKING Heroism.
 12554 | Lair:4   | Reached XP level 13. HP: 79/82 MP: 17/19
 12567 | Lair:4   | Found a staircase to the Slime Pits.
 12567 | Lair:4   | Found a viscous altar of Jiyva.
 12673 | Lair:4   | Reached skill level 9 in Armour
 12791 | Lair:4   | 12791 ||| INVOKING Heroism.
 13287 | Lair:4   | 13287 ||| UPGRADING to +1 pair of boots.
 13320 | Lair:5   | Entered Level 5 of the Lair of Beasts
 13322 | Lair:5   | 13322 ||| INVOKING Heroism.
 13323 | Lair:5   | 13323 ||| STAIRDANCE
 13339 | Lair:5   | 13339 ||| STAIRDANCE
 13379 | Lair:5   | 13379 ||| STAIRDANCE
 13380 | Lair:5   | 13380 ||| INVOKING Heroism.
 13448 | Lair:5   | 13448 ||| Stepping ~*~*~tactically~*~*~ (stealth).
 13451 | Lair:5   | 13451 ||| Stepping ~*~*~tactically~*~*~ (stealth).
 13472 | Lair:5   | 13472 ||| INVOKING Heroism.
 13473 | Lair:5   | 13473 ||| INVOKING Finesse.
 13474 | Lair:5   | 13474 ||| Stepping ~*~*~tactically~*~*~ (stealth).
 13493 | Lair:5   | Identified the +1 ring mail "Juisch" {Str+7} (Okawaru
                  | gifted it to you on level 5 of the Lair of Beasts)
 13493 | Lair:5   | Received a gift from Okawaru
 13561 | Lair:5   | 13561 ||| Stepping ~*~*~tactically~*~*~ (stealth).
 13562 | Lair:5   | 13562 ||| Stepping ~*~*~tactically~*~*~ (stealth).
 13563 | Lair:5   | 13563 ||| Stepping ~*~*~tactically~*~*~ (stealth).
 13564 | Lair:5   | 13564 ||| Stepping ~*~*~tactically~*~*~ (stealth).
 13581 | Lair:5   | Reached skill level 13 in Axes
 13614 | Lair:5   | 13614 ||| INVOKING Heroism.
 13615 | Lair:5   | 13615 ||| INVOKING Finesse.
 13617 | Lair:5   | 13617 ||| SWAPPING to -2 demon whip of venom.
 13624 | Lair:5   | 13624 ||| Stepping ~*~*~tactically~*~*~ (outnumbered).
 13630 | Lair:5   | 13630 ||| Stepping ~*~*~tactically~*~*~ (outnumbered).
 13631 | Lair:5   | 13631 ||| Stepping ~*~*~tactically~*~*~ (outnumbered).
 13632 | Lair:5   | 13632 ||| Stepping ~*~*~tactically~*~*~ (outnumbered).
 13633 | Lair:5   | 13633 ||| Stepping ~*~*~tactically~*~*~ (outnumbered).
 13634 | Lair:5   | 13634 ||| Stepping ~*~*~tactically~*~*~ (outnumbered).
 13635 | Lair:5   | 13635 ||| Stepping ~*~*~tactically~*~*~ (outnumbered).
 13636 | Lair:5   | 13636 ||| Stepping ~*~*~tactically~*~*~ (outnumbered).
 13649 | Lair:5   | 13649 ||| SWAPPING to +0 vorpal war axe.
 13667 | Lair:5   | 13667 ||| SWAPPING to -2 demon whip of venom.
 13676 | Lair:5   | 13676 ||| SWAPPING to +0 vorpal war axe.
 13866 | Lair:5   | 13866 ||| INVOKING Heroism.
 13961 | Lair:5   | 13961 ||| INVOKING Heroism.
 14002 | Lair:5   | 14002 ||| Stepping ~*~*~tactically~*~*~ (hiding).
 14301 | Lair:5   | 14301 ||| Stepping ~*~*~tactically~*~*~ (stealth).
 14327 | Lair:5   | 14327 ||| Stepping ~*~*~tactically~*~*~ (stealth).
 14333 | Lair:5   | 14333 ||| Stepping ~*~*~tactically~*~*~ (stealth).
 14338 | Lair:5   | 14338 ||| Stepping ~*~*~tactically~*~*~ (stealth).
 14341 | Lair:5   | 14341 ||| INVOKING Heroism.
 14346 | Lair:5   | 14346 ||| Stepping ~*~*~tactically~*~*~ (stealth).
 14349 | Lair:5   | 14349 ||| Stepping ~*~*~tactically~*~*~ (stealth).
 14355 | Lair:5   | 14355 ||| Stepping ~*~*~tactically~*~*~ (stealth).
 14358 | Lair:5   | 14358 ||| INVOKING Heroism.
 14360 | Lair:5   | 14360 ||| Stepping ~*~*~tactically~*~*~ (hiding).
 14361 | Lair:5   | 14361 ||| Stepping ~*~*~tactically~*~*~ (stealth).
 14379 | Lair:5   | 14379 ||| Stepping ~*~*~tactically~*~*~ (stealth).
 14456 | Lair:5   | 14456 ||| Stepping ~*~*~tactically~*~*~ (stealth).
 14504 | Lair:5   | 14504 ||| Stepping ~*~*~tactically~*~*~ (stealth).
 14510 | Lair:5   | 14510 ||| FLEEEEING.
 14568 | Lair:5   | 14568 ||| Stepping ~*~*~tactically~*~*~ (stealth).
 14570 | Lair:5   | 14570 ||| Stepping ~*~*~tactically~*~*~ (hiding).
 14577 | Lair:5   | 14577 ||| Stepping ~*~*~tactically~*~*~ (hiding).
 14579 | Lair:5   | 14579 ||| Stepping ~*~*~tactically~*~*~ (hiding).
 14580 | Lair:5   | 14580 ||| Stepping ~*~*~tactically~*~*~ (hiding).
 14586 | Lair:5   | 14586 ||| INVOKING Heroism.
 14685 | Lair:5   | 14685 ||| INVOKING Heroism.
 14686 | Lair:5   | 14686 ||| INVOKING Finesse.
 14692 | Lair:5   | 14692 ||| SWAPPING to -2 demon whip of venom.
 14694 | Lair:5   | 14694 ||| Stepping ~*~*~tactically~*~*~ (outnumbered).
 14711 | Lair:5   | Reached skill level 14 in Axes
 14711 | Lair:5   | 14711 ||| SWAPPING to +0 vorpal war axe.
 14785 | Lair:5   | 14785 ||| Stepping ~*~*~tactically~*~*~ (stealth).
 14787 | Lair:5   | 14787 ||| INVOKING Heroism.
 14794 | Lair:5   | 14794 ||| Stepping ~*~*~tactically~*~*~ (stealth).
 14838 | Lair:5   | 14838 ||| INVOKING Heroism.
 14870 | Lair:5   | 14870 ||| INVOKING Heroism.
 14910 | Lair:5   | Gained mutation: Your large and strong wings let you fly.
                  | [Gargoyle growth]
 14910 | Lair:5   | Reached XP level 14. HP: 88/88 MP: 21/21
 14978 | Lair:5   | 14978 ||| Stepping ~*~*~tactically~*~*~ (stealth).
 15027 | Lair:5   | 15027 ||| Stepping ~*~*~tactically~*~*~ (stealth).
 15044 | Lair:5   | 15044 ||| Stepping ~*~*~tactically~*~*~ (stealth).
 15050 | Lair:5   | 15050 ||| INVOKING Heroism.
 15484 | Lair:5   | 15484 ||| PLANNING D:1-11
 15484 | Lair:5   | 15484 ||| READING scroll labelled HEPSIU LEKHAJ.
 15592 | D:9      | Noticed Psyche
 15593 | D:9      | 15593 ||| INVOKING Heroism.
 15600 | D:9      | Killed Psyche
 15669 | D:9      | 15669 ||| Stepping ~*~*~tactically~*~*~ (stealth).
 15690 | D:9      | 15690 ||| Stepping ~*~*~tactically~*~*~ (stealth).
 15691 | D:9      | 15691 ||| Stepping ~*~*~tactically~*~*~ (stealth).
 15697 | D:9      | 15697 ||| INVOKING Heroism.
 15712 | D:9      | Found a staircase to the Orcish Mines.
 15755 | D:9      | 15755 ||| INVOKING Heroism.
 15784 | D:9      | 15784 ||| INVOKING Heroism.
 15851 | D:9      | 15851 ||| INVOKING Heroism.
 15895 | D:9      | Noticed Grum
 15896 | D:9      | 15896 ||| INVOKING Heroism.
 15905 | D:9      | Reached skill level 12 in Shields
 15917 | D:9      | Killed Grum
 15967 | D:9      | 15967 ||| INVOKING Heroism.
 16047 | D:9      | 16047 ||| Stepping ~*~*~tactically~*~*~ (stealth).
 16051 | D:9      | 16051 ||| Stepping ~*~*~tactically~*~*~ (stealth).
 16223 | D:9      | 16223 ||| INVOKING Heroism.
 16231 | D:9      | Noticed Harold
 16236 | D:9      | 16236 ||| Stepping ~*~*~tactically~*~*~ (hiding).
 16245 | D:9      | Killed Harold
 16265 | D:9      | 16265 ||| Stepping ~*~*~tactically~*~*~ (hiding).
 16431 | D:9      | 16431 ||| READING scroll labelled OZISIE EFFAJE.
 16432 | D:9      | 16432 ||| READING 2 scrolls labelled OPTIAT IHYABEL.
 16433 | D:9      | 16433 ||| DROPPING scroll of blinking.
 16449 | D:10     | Entered Level 10 of the Dungeon
 16450 | D:10     | 16450 ||| STAIRDANCE
 16461 | D:10     | 16461 ||| STAIRDANCE
 16473 | D:10     | 16473 ||| STAIRDANCE
 16490 | D:10     | 16490 ||| INVOKING Heroism.
 16633 | D:10     | 16633 ||| Stepping ~*~*~tactically~*~*~ (stealth).
 16635 | D:10     | 16635 ||| INVOKING Heroism.
 16839 | D:10     | Received a gift from Okawaru
 16966 | D:11     | 16966 ||| Stepping ~*~*~tactically~*~*~ (hiding).
 16969 | D:11     | 16969 ||| Stepping ~*~*~tactically~*~*~ (hiding).
 16971 | D:11     | 16971 ||| Stepping ~*~*~tactically~*~*~ (hiding).
 17124 | D:11     | 17124 ||| Stepping ~*~*~tactically~*~*~ (hiding).
 17126 | D:11     | 17126 ||| Stepping ~*~*~tactically~*~*~ (hiding).
 17192 | D:11     | Noticed Urug
 17193 | D:11     | 17193 ||| INVOKING Heroism.
 17194 | D:11     | 17194 ||| INVOKING Finesse.
 17206 | D:11     | Killed Urug
 17327 | D:11     | 17327 ||| INVOKING Heroism.
 17485 | D:11     | 17485 ||| Stepping ~*~*~tactically~*~*~ (hiding).
 17624 | D:11     | 17624 ||| INVOKING Heroism.
 17965 | D:11     | 17965 ||| PLANNING D
 18111 | D:12     | 18111 ||| INVOKING Heroism.
 18128 | D:12     | Reached skill level 3 in Throwing
 18128 | D:12     | 18128 ||| INVOKING Finesse.
 18390 | D:12     | Found a bloodstained altar of Trog.
 18395 | D:12     | 18395 ||| INVOKING Heroism.
 18445 | D:12     | 18445 ||| Stepping ~*~*~tactically~*~*~ (stealth).
 18450 | D:12     | 18450 ||| INVOKING Heroism.
 18520 | D:12     | 18520 ||| INVOKING Heroism.
 18947 | D:12     | 18947 ||| DRINKING 2 smoky grey potions.
 18948 | D:12     | 18948 ||| DROPPING potion of invisibility.
 18981 | D:13     | 18981 ||| INVOKING Heroism.
 19105 | D:13     | Noticed qw's ghost (journeyman GrFi)
 19106 | D:13     | Noticed a war gargoyle
 19138 | D:13     | 19138 ||| Stepping ~*~*~tactically~*~*~ (hiding).
 19141 | D:13     | 19141 ||| INVOKING Heroism.
 19289 | D:13     | Found a frozen archway.
 19324 | D:13     | Found a transporter.
 19326 | D:13     | Found a transporter.
 19336 | D:13     | 19336 ||| INVOKING Heroism.
 19346 | D:13     | Reached skill level 6 in Throwing
 19426 | D:13     | 19426 ||| INVOKING Heroism.
 19712 | D:13     | 19712 ||| DROPPING ring of magical power.
 19802 | D:14     | 19802 ||| Stepping ~*~*~tactically~*~*~ (stealth).
 19803 | D:14     | 19803 ||| Stepping ~*~*~tactically~*~*~ (stealth).
 19804 | D:14     | 19804 ||| Stepping ~*~*~tactically~*~*~ (stealth).
 19805 | D:14     | 19805 ||| Stepping ~*~*~tactically~*~*~ (stealth).
 19806 | D:14     | 19806 ||| Stepping ~*~*~tactically~*~*~ (stealth).
 19807 | D:14     | 19807 ||| Stepping ~*~*~tactically~*~*~ (stealth).
 19810 | D:14     | 19810 ||| INVOKING Heroism.
 19812 | D:14     | 19812 ||| Stepping ~*~*~tactically~*~*~ (stealth).
 19822 | D:14     | Received a gift from Okawaru
 19825 | D:14     | Reached skill level 15 in Axes
 19884 | D:14     | 19884 ||| SWAPPING to +5 broad axe of electrocution.
 19885 | D:14     | 19885 ||| DROPPING +1 vorpal war axe.
 19945 | D:14     | Found the +5 glaive of the Guard {elec, spectral, AC+5}
 20066 | D:14     | 20066 ||| READING scroll of enchant weapon.
 20066 | D:14     | 20066 ||| ENCHANTING +5 broad axe of electrocution.
 20249 | D:14     | 20249 ||| INVOKING Heroism.
 20259 | D:14     | Reached XP level 15. HP: 79/94 MP: 20/22
 20529 | D:14     | Found a gate to the Vaults.
 20530 | D:14     | 20530 ||| INVOKING Heroism.
 20557 | D:14     | Reached skill level 12 in Fighting
 20561 | D:14     | Received a gift from Okawaru
 20884 | D:14     | 20884 ||| UPGRADING to ring of see invisible.
 20910 | D:15     | Entered Level 15 of the Dungeon
 20939 | D:15     | 20939 ||| INVOKING Heroism.
 20941 | D:15     | 20941 ||| Stepping ~*~*~tactically~*~*~ (stealth).
 20952 | D:15     | 20952 ||| INVOKING Finesse.
 20955 | D:15     | 20955 ||| Stepping ~*~*~tactically~*~*~ (stealth).
 20991 | D:15     | 20991 ||| Stepping ~*~*~tactically~*~*~ (stealth).
 21059 | D:15     | 21059 ||| Stepping ~*~*~tactically~*~*~ (stealth).
 21066 | D:15     | Found a staircase to the Depths.
 21067 | D:15     | 21067 ||| INVOKING Heroism.
 21068 | D:15     | 21068 ||| Stepping ~*~*~tactically~*~*~ (stealth).
 21087 | D:15     | 21087 ||| Stepping ~*~*~tactically~*~*~ (stealth).
 21096 | D:15     | 21096 ||| Stepping ~*~*~tactically~*~*~ (hiding).
 21102 | D:15     | 21102 ||| Stepping ~*~*~tactically~*~*~ (hiding).
 21103 | D:15     | 21103 ||| Stepping ~*~*~tactically~*~*~ (hiding).
 21278 | D:15     | 21278 ||| Stepping ~*~*~tactically~*~*~ (hiding).
 21282 | D:15     | 21282 ||| INVOKING Heroism.
 21425 | D:15     | 21425 ||| Stepping ~*~*~tactically~*~*~ (hiding).
 21710 | D:15     | 21710 ||| INVOKING Heroism.
 21711 | D:15     | 21711 ||| INVOKING Finesse.
 21713 | D:15     | 21713 ||| SWAPPING to -2 demon whip of venom.
 21723 | D:15     | 21723 ||| SWAPPING to +6 broad axe of electrocution.
 21841 | D:15     | 21841 ||| INVOKING Heroism.
 21860 | D:15     | Reached skill level 16 in Axes
 21866 | D:15     | HP: 24/96 [white ugly thing (8)]
 21866 | D:15     | HP: 4/96 [white ugly thing (20)]
 21867 | D:15     | 21867 ||| READING 7 scrolls of teleportation.
 21867 | D:15     | Demolished by a white ugly thing

Levels and vault maps discovered:
D:1:      roderic_crop_circles_arrival_small, layout_basic
D:2:      layout_loops_ring, grunt_ministairs_9, minmay_tetromino_i4,
          uniq_crazy_yiuf_cottage
D:3:      layout_rooms, mainiacjoe_overflow_paths, mainiacjoe_overflow_24_doors,
          kennysheep_generic_room_15, uniq_natasha, uniq_sigmund
D:4:      layout_basic, mainiacjoe_overflow_concentric_impassable,
          nicolae_qazlal_eye_of_the_storm, temple_statues, serial_shops,
          nicolae_shop_trees, cheibrodos_sewer_entry_bend, uniq_edmund,
          uniq_ijyb, uniq_robin
D:5:      layout_loops_corners, mainiacjoe_overflow_six_doors_small,
          nicolae_uskayaw_dance_hall, zin_scriptorium, ebering_ghost_gozag
D:6:      layout_basic, general_overflow_altar,
          mainiacjoe_overflow_divided_tiny, roderic_filled_cross, uniq_eustachio
D:7:      layout_loops_corners, grunt_temple_overflow_opulence,
          nzn_hepliaklqana_mist_gate, serial_rivers,
          chequers_serial_rivers_small_a, chequers_serial_rivers_marsh,
          chequers_serial_rivers_micro_a, chequers_serial_rivers_micro_d,
          chequers_serial_rivers_large_b, chequers_serial_rivers_micro_e,
          uniq_maggie, uniq_pikel
D:8:      layout_rooms, nicolae_overflow_crystal_walls, lair_entry_dummy,
          st_stairs_10, uniq_amaemon, uniq_gastronok
D:9:      layout_roguey, zombieorc2_lemuel, chequers_serial_rivers_micro_a,
          minivault_22, uniq_harold, uniq_grum, uniq_psyche
D:10:     layout_big_octagon
D:11:     layout_long_grid, uniq_urug
D:12:     nzn_motion_control, layout_basic, trog_ov_bears_minmay
D:13:     layout_roguey, portal_ice_cave_demonic_guard, gammafunk_ghost_arena
D:14:     layout_basic, lightli_vaults_fourway_checkpoint
D:15:     hangedman_depths_entry_civil_slaughter, layout_loops_ring,
          kennysheep_pointless_box
Temple:   nicolae_temple_ecumenical_triangle
Lair:1:   layout_chaotic_city, serial_forest, infiniplex_forest_end_3,
          infiniplex_forest_join, infiniplex_forest_lined_room_,
          infiniplex_forest_clump_large, infiniplex_forest_lined_3,
          infiniplex_forest_clump_diagonal, gammafunk_ghost_split, minivault_11,
          beast_lair_carwin_7
Lair:2:   layout_hall_layers, minmay_swamp_entry_worms
Lair:3:   layout_chaotic_city, nicolae_spider_entry_orb_guardian,
          infiniplex_staircase_pool_2
Lair:4:   layout_small_grid, minmay_slime_entry_pillars
Lair:5:   hangedman_lair_caniforms_friends, layout_regular_city, wormcave,
          hangedman_lair_generics_rect

Skill      XL: |  1  2  3  4  5  6  7  8  9 10 11 12 13 14 15 |
---------------+----------------------------------------------+-----
Axes           | 2 3 4 5 6 7 9 10 11 12 14 15 16 | 16.0
Fighting       | 4 5 6 8 9 10 11 12 | 12.0
Dodging        | 1 2 |  2.0
Shields        | 4 6 10 11 12 | 12.0
Armour         | 6 8 10 11 | 11.0
Invocations    | 2 4 9 10 | 10.0
Throwing       | 1 6 |  6.0

Action                   |  1- 3 |  4- 6 |  7- 9 | 10-12 | 13-15 || total
-------------------------+-------+-------+-------+-------+-------++-------
Melee: War axe           |    94 |   119 |   268 |   572 |   762 ||  1815
       Demon whip        |       |       |       |    42 |    51 ||    93
       Broad axe         |       |       |       |       |   138 ||   138
Throw: Boomerang         |       |       |       |    31 |    20 ||    51
       Javelin           |       |       |       |       |    42 ||    42
Invok: Heroism           |       |       |       |    31 |    44 ||    75
       Finesse           |       |       |       |       |     7 ||     7
  Use: Scroll            |     4 |     5 |     8 |    11 |     5 ||    33
       Potion            |       |     2 |     1 |     1 |     1 ||     5
Armor: Scale mail        |    36 |    57 |    66 |       |       ||   159
       Plate armour      |       |       |    41 |   159 |   384 ||   584
Dodge: Dodged            |    42 |    53 |    83 |   152 |   279 ||   609
Block: Buckler           |    13 |    15 |   110 |    51 |       ||   189
       Reflection        |       |       |     5 |     1 |    46 ||    52
       Kite shield       |       |       |       |   366 |   889 ||  1255

Table legend:
 A = Non-vault XP
 B = Vault XP
 C = Vault XP percentage of total XP
 D = Non-vault monster count
 E = Vault monster count
 F = Vault count percentage of total count
                 A         B        C        D         E       F
            +---------+---------+-------+---------+---------+-------
      Total |   62620 |   42564 |  40.5 |     362 |     184 |  33.7
            +---------+---------+-------+---------+---------+-------
        D:1 |      24 |       0 |   0.0 |      14 |       0 |   0.0
        D:2 |      88 |     252 |  74.1 |      30 |       7 |  18.9
        D:3 |     136 |      36 |  20.9 |      18 |       2 |  10.0
        D:4 |     249 |     247 |  49.8 |      10 |      17 |  63.0
        D:5 |     595 |       0 |   0.0 |      10 |       0 |   0.0
        D:6 |     633 |     197 |  23.7 |      12 |       1 |   7.7
        D:7 |    1072 |    1061 |  49.7 |      24 |       2 |   7.7
        D:8 |     801 |    3142 |  79.7 |      18 |       7 |  28.0
        D:9 |    3105 |    2488 |  44.5 |      44 |      42 |  48.8
       D:10 |    1546 |       0 |   0.0 |      11 |       0 |   0.0
       D:11 |    1879 |     800 |  29.9 |      16 |       1 |   5.9
       D:12 |    2674 |    3309 |  55.3 |       8 |       6 |  42.9
       D:13 |    6159 |     676 |   9.9 |      17 |       2 |  10.5
       D:14 |    7892 |    7758 |  49.6 |      21 |      12 |  36.4
       D:15 |    6088 |    3913 |  39.1 |      12 |       6 |  33.3
     Lair:1 |    4409 |    2231 |  33.6 |      20 |       6 |  23.1
     Lair:2 |    6561 |    1072 |  14.0 |      26 |       5 |  16.1
     Lair:3 |    2446 |       0 |   0.0 |      10 |       0 |   0.0
     Lair:4 |    9496 |     637 |   6.3 |      25 |       4 |  13.8
     Lair:5 |    6767 |   14745 |  68.5 |      16 |      64 |  80.0
            +---------+---------+-------+---------+---------+-------
